 Dungeon Crawl Stone Soup version 0.18.1-48-g4cf74bf (webtiles) character file.

68 Melfield the Ducker (level 4, 0/21 HPs)
             Began as a Spriggan Earth Elementalist on Aug 12, 2016.
             Succumbed to an adder's poison
             ... on level 3 of the Dungeon.
             The game lasted 00:11:12 (3422 turns).

Melfield the Ducker (Spriggan Earth Elementalist)   Turns: 3422, Time: 00:11:13

Health: 0/21       AC:  6    Str:  4    XL:     4   Next: 1%
Magic:  10/10      EV: 18    Int: 22    God:
Gold:   101        SH:  5    Dex: 16    Spells: 1 memorised, 8 levels left

rFire  . . .     SeeInvis +     j - +1 dagger (venom)
rCold  . . .     Gourm    .     a - +0 robe
rNeg   . . .     Faith    .     u - +0 buckler
rPois  .         Spirit   .     (helmet restricted)
rElec  .         Dismiss  .     (no cloak)
rCorr  .         Reflect  .     (gloves unavailable)
SustAt .         Harm     .     (boots unavailable)
MR     .....                    (no amulet)
Stlth  +++.......               (no ring)
                                (no ring)

@: brilliant, lethally poisoned (0 -> -3), exhausted, slowed, quick, not
resistant to hostile enchantments, fairly stealthy
A: unfitting armour, iridescent scales 1, see invisible, blink, herbivore 3,
speed 3, slow metabolism 2
a: Blink


You were on level 3 of the Dungeon.
You were hungry.

You visited 1 branch of the dungeon, and saw 3 of its levels.

You collected 101 gold pieces.

Inventory:

Hand Weapons
 j - a +1 dagger of venom (weapon)
Missiles
 b - 84 stones (quivered)
Armour
 a - a +0 robe (worn)
 e - a cursed +0 pair of gloves
 q - a +0 leather armour
 s - a +0 ring mail
 u - a +0 buckler (worn)
Jewellery
 p - a cursed amulet of inaccuracy {unknown}
Scrolls
 g - a scroll of blinking {unknown}
 h - a scroll of teleportation {unknown}
 i - 2 scrolls of remove curse {sdaii, unknown}
 l - a scroll of enchant armour {unknown}
 o - 4 scrolls of fog {unknown}
 r - a scroll of identify {unknown}
 v - a scroll of immolation {unknown}
 w - a scroll of random uselessness {unknown}
Potions
 k - 2 potions of curing {unknown}
 m - a potion of flight {unknown}
Books
 c - a book of Geomancy

   Spells                             Type                      Level
   a - Sandblast                      Earth                        1
   b - Passwall                       Transmutation/Earth          2
   c - Stone Arrow                    Conjuration/Earth            3
   d - Petrify                        Transmutation/Earth          4
   e - Lee's Rapid Deconstruction     Earth                        5
Comestibles
 d - 4 bread rations


   Skills:
 + Level 0.2 Short Blades
 + Level 4.3 Dodging
 + Level 3.7 Stealth
 + Level 0.1 Unarmed Combat
 + Level 3.4 Spellcasting
   Level 1.3 Transmutations
 + Level 3.2 Earth Magic


You had 8 spell levels left.
You knew the following spells:

 Your Spells              Type           Power        Failure   Level  Hunger
a - Sandblast             Erth           ####..       1%          1    None


Dungeon Overview and Level Annotations

Branches:
Dungeon (3/15)

Altars:


Innate Abilities, Weirdness & Mutations

You are tiny and cannot use many weapons and most armour.
You have supernaturally acute eyesight.
You are a herbivore.
You cover ground extremely quickly.
You need consume almost no food.
You are partially covered in iridescent scales (AC +4).
You can translocate small distances at will.


Message History

Inscribe with what? sda Replace inscription with what? sdaii You are too berserk!
You are no longer berserk.
You are exhausted.
You feel yourself slow down.
You are feeling hungry.
* * * LOW HITPOINT WARNING * * *
You feel sick.
There is a lethal amount of poison in your body!
It was a potion of mutation.
You feel extremely strange.
Iridescent scales grow over part of your body.
You feel jittery.
It was a potion of brilliance.
You feel clever all of a sudden.
You die...

.. # .# .# # .### #.# #
..# #.# ### #.# #.# #..
####.##### #.# ##..
#........# ###.######...
#........####............
#.......@...........)..##
#........####..†.......#
########## #.........##
###########


There were no monsters in sight!

Vanquished Creatures
  3 adders
  An ooze (D:2)
  A worm (D:2)
  7 bats
  3 giant cockroaches
  4 goblins
  3 hobgoblins
  A quokka (D:2)
  2 giant newts (D:1)
  8 kobolds
  4 rats
37 creatures vanquished.

Notes
Turn   | Place    | Note
--------------------------------------------------------------
     0 | D:1      | Melfield the Spriggan Earth Elementalist began the quest for the Orb.
     0 | D:1      | Reached XP level 1. HP: 9/9 MP: 5/5
   931 | D:1      | Reached XP level 2. HP: 13/13 MP: 6/6
  2628 | D:2      | Reached XP level 3. HP: 12/16 MP: 5/8
  2984 | D:2      | Reached skill level 4 in Dodging
  3335 | D:3      | Noticed a centaur
  3413 | D:3      | Reached XP level 4. HP: 2/21 MP: 10/10
  3418 | D:3      | HP: 1/21 [poisoned by an adder]
  3421 | D:3      | Gained mutation: You are partially covered in iridescent scales (AC +4). [potion of mutation]
  3421 | D:3      | Gained mutation: You can translocate small distances at will. [potion of mutation]
  3422 | D:3      | Succumbed to an adder's poison

Skill      XL: |  1  2  3 |
---------------+----------+-----
Spellcasting   | 3 |  3.4
Earth Magic    | 3 |  3.2
Dodging        | 4 |  4.3
Short Blades   | |  0.2
Stealth        | |  3.7
Unarmed Combat | |  0.1
Transmutations | |  1.3

Action                   |  1- 3 |  4- 6 || total
-------------------------+-------+-------++-------
Melee: Dagger            |    75 |       ||    75
       Unarmed           |     5 |       ||     5
Throw: Stone             |     1 |       ||     1
 Cast: Sandblast         |    22 |       ||    22
  Use: Potion            |     1 |     2 ||     3
 Stab: Sleeping          |     6 |       ||     6
       Distracted        |     1 |       ||     1
Armor: Robe              |     4 |       ||     4
Dodge: Dodged            |    80 |       ||    80
Block: Buckler           |     6 |       ||     6
